 Dungeon Crawl Stone Soup version 0.30-a0-596-g0af90f9a20 (webtiles) character file.

Game seed: 7153363526329106181

331 bmack86 the Trooper (level 6, 0/57 HPs)
             Began as a Minotaur Fighter on Jan 7, 2023.
             Slain by a necrophage (2 damage)
             ... on level 4 of the Dungeon.
             The game lasted 00:06:37 (1762 turns).

bmack86 the Trooper (Minotaur Fighter)              Turns: 1762, Time: 00:06:38

Health: 0/57       AC:  0    Str: 23    XL:     6   Next: 26%
Magic:  5/5        EV: 13    Int:  5    God:
Gold:   191        SH:  0    Dex:  9    Spells: 5/5 levels left

rFire   . . .      SeeInvis .    (weapon currently unavailable)
rCold   . . .      Faith    .    (shield currently unavailable)
rNeg    . . .      Spirit   .    (body armour currently unavailable)
rPois   .          Reflect  .    (helmet currently unavailable)
rElec   .          Harm     .    (cloak currently unavailable)
rCorr   .          Rampage  .    (gloves currently unavailable)
Will    .....                    (boots currently unavailable)
Stlth   +                        (no amulet)
HPRegen 0.29/turn                (ring currently unavailable)
MPRegen 0.09/turn                (ring currently unavailable)

@: pig-form, very quick
A: fast, no casting, small, (horns 2), (retaliatory headbutt)
a: no special abilities


You were on level 4 of the Dungeon.
You were a filthy swine.
You visited 1 branch of the dungeon, and saw 4 of its levels.

You collected 191 gold pieces.

Inventory:

Hand Weapons
 a - a +0 war axe (melded)
Missiles
 k - 5 curare-tipped darts (quivered)
Armour
 b - a +0 scale mail (melded)
 c - a +1 buckler (melded)
 r - a +2 hat (melded)
Jewellery
 o - a ring of ice (melded)
Wands
 n - a wand of flame (17)
Scrolls
 e - 2 scrolls of fear {unknown}
 l - a scroll of immolation {unknown}
 p - a scroll of noise {unknown}
 q - a scroll of teleportation {unknown}
 s - a scroll of enchant armour
Potions
 d - a potion of might
 f - 4 potions of lignification
 h - a potion of haste
 i - 3 potions of curing
 j - a potion of cancellation {unknown}
 m - a potion of heal wounds {unknown}


   Skills:
 * Level 5.8 Fighting
 * Level 5.0 Axes
 + Level 4.7 Armour
 + Level 4.8 Shields


You had 5 spell levels left.
You didn't know any spells.
Your spell library contained the following spells:

 Spells                   Type           Power      Damage    Failure   Level
 Gell's Gravitas          Tloc           0%         N/A       85%         3
 Lesser Beckoning         Tloc           0%         N/A       85%         3
 Teleport Other           Tloc           0%         N/A       85%         3


Dungeon Overview and Level Annotations

Branches:
Dungeon (4/15)
 Temple: D:4-7

Altars:

Annotations:
D:4 Pikel


Innate Abilities, Weirdness & Mutations

You are a filthy swine.
You move quickly.
Your equipment is almost entirely melded.
You are incapable of wielding weapons or throwing items.
You cannot cast spells.
((You have a pair of horns on your head.))
((You reflexively headbutt those who attack you in melee.))


Message History

A giant cockroach comes into view.
You closely miss Pikel. You headbutt Pikel, but do no damage.
You closely miss the lemure.
A lemure comes into view.
The lemure barely misses you. You furiously retaliate!
You headbutt the lemure.
Pikel hits you with a +1 whip of electrocution.
You are electrocuted!!
You barely miss Pikel.
The lemure shouts!
You headbutt Pikel!
Pikel is moderately wounded.
You completely miss the lemure. You closely miss the lemure.
Pikel barely misses you. You furiously retaliate!
You headbutt Pikel, but do no damage. The lemure hits you.
* * * LOW HITPOINT WARNING * * *
You block the lemure's attack. The lemure barely misses you.
Pikel zaps a wand.
You resist with some effort. The lemure hits you but does no damage.
You barely miss Pikel.
Pikel is moderately wounded.
You hit the lemure but do no damage. You hit the lemure.
The lemure hits you but does no damage. The lemure closely misses you.
Pikel zaps a wand.
You turn into a filthy swine.
Your +0 war axe melds into your body.
Your +2 hat melds into your body.
Your +1 buckler melds into your body.
Your +0 scale mail melds into your body.
Your ring of ice melds into your body.
You closely miss Pikel.
Pikel is moderately wounded.
Pikel barely misses you. The lemure hits you!
* * * LOW HITPOINT WARNING * * *
The lemure barely misses you.
You closely miss Pikel.
Pikel is moderately wounded.
The lemure hits you!
* * * LOW HITPOINT WARNING * * *
Pikel closely misses you. The lemure closely misses you.
You hit Pikel but do no damage.
Pikel is moderately wounded.
The necrophage hits you.
You die...

##
##..##+########
..............#
..............#
......nh...<†.#
......5K5.....#
#.####.B##...##
#5.##...#
...........
..............
................#
................#
..............#


You could see Pikel, 3 lemures, a necrophage and a giant cockroach.

Vanquished Creatures
  An ogre (D:3)
  A lemure (D:3)
  A scorpion (D:4)
  A hound (D:4)
  An iguana (D:3)
  Robin (D:3)
  4 adders
  2 dart slugs (D:3)
  An orc (D:3)
  10 ball pythons
  4 endoplasms
  A giant cockroach (D:3)
  8 goblins
  14 hobgoblins
  7 jackals
  2 quokkas (D:1)
  3 bats
  A frilled lizard (D:1)
  7 kobolds
  7 rats
77 creatures vanquished.

Notes
Turn   | Place    | Note
-------+----------+-------------------------------------------
     0 | D:1      | bmack86 the Minotaur Fighter began the quest for the Orb.
     0 | D:1      | Reached XP level 1. HP: 19/19 MP: 0/0
    26 | D:1      | Reached XP level 2. HP: 11/27 MP: 1/1
   188 | D:1      | Found a faded altar of an unknown god.
   337 | D:1      | Reached XP level 3. HP: 26/33 MP: 2/2
   573 | D:2      | Identified the +6 spear of Wyur Kui {speed, Will+ Int+4}
  1021 | D:3      | Reached XP level 4. HP: 41/41 MP: 3/3
  1100 | D:3      | Noticed an ogre
  1105 | D:3      | Killed an ogre
  1106 | D:3      | Reached skill level 5 in Fighting
  1106 | D:3      | Reached XP level 5. HP: 48/48 MP: 4/4
  1590 | D:4      | Noticed a lemure
  1590 | D:4      | Noticed Robin
  1611 | D:3      | Killed Robin
  1628 | D:3      | Killed a lemure
  1729 | D:4      | Reached XP level 6. HP: 44/56 MP: 5/5
  1751 | D:4      | Noticed Pikel
  1756 | D:4      | Reached skill level 5 in Axes
  1761 | D:4      | HP: 2/57 [lemure[Pikel] (7)]
  1762 | D:4      | Slain by a necrophage

Illustrated notes

Levels and vault maps discovered:
D:1:      saegor_arrival_simple_a, layout_rooms,
          shapermc_ecumenical_altar_mp_vishouse, moated_statue,
          serial_bayou_pond_a
D:2:      layout_basic
D:3:      layout_rooms
D:4:      layout_gridville, serial_shops, shop, minmay_misc_feat_room,
          uniq_pikel, uniq_robin

Skill      XL: |  1  2  3  4  5  6 |
---------------+-------------------+-----
Fighting       | 4 5 |  5.8
Axes           | 3 4 5 |  5.0
Armour         | 4 |  4.7
Shields        | 4 |  4.8

Action                   |  1- 3 |  4- 6 || total
-------------------------+-------+-------++-------
Melee: War axe           |    76 |    74 ||   150
       Headbutt          |     7 |    11 ||    18
       Unarmed           |       |     3 ||     3
  Use: Scroll            |     3 |     2 ||     5
       Potion            |       |     1 ||     1
Armor: Scale mail        |    48 |    60 ||   108
Dodge: Dodged            |    57 |    50 ||   107
Block: Buckler           |    27 |    29 ||    56

Table legend: (Time is in decaauts)
 A = Elapsed time spent in this place.
 B = Non-inter-level travel time spent in this place.
 C = Inter-level travel time spent in this place.
 D = Time resting spent in this place.
 E = Time spent auto-exploring this place.
 F = Levels seen in this place.
 G = Mean time per level.
                   A        B        C        D        E       F      G
               +--------+--------+--------+--------+--------+-----+--------+
         Total |   1819 |   1759 |     60 |     88 |    962 |   4 |  454.8 |
       Dungeon |   1819 |   1759 |     60 |     88 |    962 |   4 |  454.8 |
               +--------+--------+--------+--------+--------+-----+--------+

Top non-repeatable levels by time:
     D:3: 737 daAuts
     D:1: 517 daAuts
     D:2: 513 daAuts
     D:4: 52 daAuts
